 Dungeon Crawl Stone Soup version 0.16-a0-465-g631e55c (webtiles) character file.

3057 PolkaDot the Jinx (level 9, -1/57 HPs)
             Began as a Vampire Enchanter on Sept 16, 2014.
             Slain by a centaur skeleton (6 damage)
             ... on Level 10 of the Dungeon.
             The game lasted 00:26:14 (9468 turns).

PolkaDot the Jinx (Vampire Enchanter)               Turns: 9468, Time: 00:26:14

HP  -1/57        AC  3     Str  7      XL: 9   Next: 57%
MP   0/14        EV 10     Int 20      God:
Gold 477         SH  0     Dex 14      Spells:  4 memorised,  2 levels left

rFire  . . .     SeeInvis +     y - +0 dagger (speed)
rCold  + + .     Clarity  .     l - +0 leather armour
rNeg   + + +     rCorr    .     (no shield)
rPois  +         rRot     +     (no helmet)
rElec  +         Spirit   .     (no cloak)
SustAb +         Warding  .     (no gloves)
rMut   .         Stasis   .     (no boots)
Gourm  .                        (no amulet)
MR     .....                    t - ring of sustain abilities
                                e - ring of wizardry

@: bloodless, non-regenerating, not resistant to hostile enchantments, quite
stealthy
A: bottle blood, fangs 3, see invisible, electricity resistance, unbreathing
a: Bat Form, Bottle Blood


You were on level 10 of the Dungeon.
You were bloodless.

You visited 1 branch of the dungeon, and saw 8 of its levels.

You collected 477 gold pieces.

Inventory:

Hand weapons
 y - a +0 dagger of speed (weapon)
Armour
 l - a +0 leather armour (worn)
Magical devices
 g - a wand of frost (10)
 k - a wand of digging (15) {unknown}
 v - a wand of hasting (7) {unknown}
Scrolls
 f - 2 scrolls of enchant armour
 h - 2 scrolls of amnesia
 i - a scroll of fog
 j - 6 scrolls of remove curse
 m - a scroll of immolation {unknown}
 o - a scroll of random uselessness {unknown}
 p - 3 scrolls of teleportation
 q - a scroll of enchant weapon {unknown}
 s - a scroll of recharging {unknown}
 x - a scroll of identify
Jewellery
 e - a ring of wizardry (left hand)
 t - a ring of sustain abilities (right hand)
Potions
 b - a potion of agility
 d - a potion of heal wounds
 r - 2 potions of haste
 u - a potion of might {unknown}
 w - a potion of cure mutation {unknown}
Books
 c - a book of Maledictions

   Spells                             Type                      Level
   *Corona                            Hexes                        1
   Sure Blade                         Hexes/Charms                 2
   *Ensorcelled Hibernation           Hexes/Ice                    2
   *Confuse                           Hexes                        3
   Dazzling Spray                     Conjuration/Hexes            3
   *Enslavement                       Hexes                        4
 n - a book of Dreams

   Spells                             Type                      Level
   *Ensorcelled Hibernation           Hexes/Ice                    2
   Flight                             Charms/Air                   3
   Phase Shift                        Translocation                5
   Shadow Creatures                   Summoning                    5
   Mass Confusion                     Hexes                        6
   Darkness                           Hexes                        7


   Skills:
 + Level 7.3 Short Blades
 - Level 5.0 Armour
 - Level 2.2 Dodging
 + Level 8.8 Stealth
 - Level 2.0 Spellcasting
 * Level 12.2 Hexes
 - Level 1.7 Ice Magic


You had 2 spell levels left.
You knew the following spells:

 Your Spells              Type           Power        Failure   Level  Hunger
a - Corona                Hex            ######.      1%          1    #......
c - Confuse               Hex            ######..     1%          3    ###....
d - Ensorcelled Hibernat  Hex/Ice        ####..       1%          2    ##.....
e - Enslavement           Hex            ######..     1%          4    #####..


Dungeon Overview and Level Annotations

Branches:
Dungeon (10/15)
 Temple: D:4-7          Orc: D:9-12        Lair: D:8-11

Altars:
Sif Muna
Trog

Shops:
D:6 (


Innate Abilities, Weirdness & Mutations

You do not heal naturally.
You can bottle blood from corpses.
You have razor-sharp teeth.
You have supernaturally acute eyesight.
You can survive without breathing.
You are resistant to electric shocks.


Message History

You hit the centaur skeleton.
Your magical contamination has completely faded away.
You hit the centaur skeleton. You bite the centaur skeleton.
The centaur skeleton hits you but does no damage.
You hit the centaur skeleton. You hit the centaur skeleton.
You bite the centaur skeleton. The centaur skeleton hits you.
* * * LOW HITPOINT WARNING * * *
You barely miss the centaur skeleton. You hit the centaur skeleton.
The centaur skeleton hits you.
* * * LOW HITPOINT WARNING * * *
You hit the centaur skeleton. You hit the centaur skeleton.
The centaur skeleton hits you.
* * * LOW HITPOINT WARNING * * *
You hit the centaur skeleton but do no damage.
You completely miss the centaur skeleton.
The centaur skeleton hits you.
* * * LOW HITPOINT WARNING * * *
You hit the centaur skeleton. The centaur skeleton hits you.
You die...

#####################
#....).)....)))..%...
#)################### #.# #.#
#########.#
#.........##################.
#...........@Z...........[...
#.........##################.
#.........###########
#####>.......%..%...#
#.###.#########.# #.# #.# #.#
#.# #.# #.# #.# #.#


You could see a centaur skeleton.

Vanquished Creatures
  3 yaks (D:10)
  A steam dragon (D:10)
  A wraith (D:10)
  A phantom (D:3)
  3 sky beasts
  2 ice beasts
  An ogre (D:4)
  2 centaurs
  5 big kobolds (D:4)
  A giant frog (D:6)
  A scorpion (D:6)
  A troll skeleton (D:10)
  4 wights (D:10)
  A crimson imp (D:7)
  An orc priest (D:10)
  A giant frog zombie (D:7)
  2 hounds
  2 iguanas (D:4)
  6 worker ants
  Natasha (twice) (D:6)
  6 orc wizards
  Jessica (D:2)
  Terence (D:2)
  15 gnolls
  7 adders
  4 shadow imps
  A worm (D:2)
  4 giant geckos
  23 orcs
  7 bats
  A bat skeleton (D:4)
  7 giant cockroaches
  11 goblins
  22 hobgoblins
  48 kobolds
  4 quokkas
  A ball python (D:3)
  A giant gecko skeleton (D:4)
  4 giant newts
  2 goblin skeletons (D:4)
  A hobgoblin zombie (D:5)
  A kobold zombie (D:7)
  A quokka skeleton (D:4)
  6 rats
  A rat skeleton (D:4)
  A rat zombie (D:5)
222 creatures vanquished.

Vanquished Creatures (others)
  A giant gecko (D:4)
1 creature vanquished.

Grand Total: 223 creatures vanquished

Notes
Turn   | Place    | Note
--------------------------------------------------------------
     0 | D:1      | PolkaDot, the Vampire Enchanter, began the quest for the Orb.
     0 | D:1      | Reached XP level 1. HP: 13/13 MP: 3/3
   392 | D:1      | Reached XP level 2. HP: 19/19 MP: 4/4
   592 | D:1      | Reached skill level 5 in Hexes
  1000 | D:1      | Learned a level 2 spell: Ensorcelled Hibernation
  1140 | D:2      | Noticed Terence
  1145 | D:2      | Gained mutation: You are resistant to electric shocks. [potion of beneficial mutation]
  1512 | D:2      | Noticed Jessica
  1518 | D:2      | Killed Jessica
  1518 | D:2      | Reached skill level 1 in Ice Magic
  1518 | D:2      | Reached XP level 3. HP: 24/24 MP: 0/6
  1523 | D:2      | Learned a level 3 spell: Confuse
  1722 | D:2      | Killed Terence
  1852 | D:2      | Reached skill level 5 in Stealth
  1914 | D:2      | Found a bloodstained altar of Trog.
  1972 | D:2      | Reached XP level 4. HP: 26/30 MP: 7/7
  2423 | D:2      | Reached skill level 6 in Hexes
  2954 | D:3      | Reached XP level 5. HP: 35/35 MP: 9/9
  3548 | D:3      | Noticed a phantom
  3594 | D:3      | Killed a phantom
  3594 | D:3      | Reached skill level 7 in Hexes
  3594 | D:3      | Reached XP level 6. HP: 23/41 MP: 1/10
  4521 | D:4      | Reached skill level 8 in Hexes
  5106 | D:4      | Reached XP level 7. HP: 46/46 MP: 2/12
  5132 | D:4      | HP: 1/46 [big kobold/short sword (2)]
  5223 | D:4      | Reached skill level 9 in Hexes
  6278 | D:4      | Reached skill level 5 in Short Blades
  6479 | D:4      | Reached skill level 10 in Hexes
  6479 | D:4      | Reached XP level 8. HP: 52/52 MP: 10/13
  6563 | D:4      | Reached skill level 1 in Armour
  6788 | D:5      | Entered Level 5 of the Dungeon
  7562 | D:5      | Found a deep blue altar of Sif Muna.
  7733 | D:6      | Learned a level 4 spell: Enslavement
  7788 | D:6      | Found Soxzas' Weapon Emporium.
  7983 | D:6      | Noticed Natasha
  7987 | D:6      | Killed Natasha
  8144 | D:6      | Noticed Natasha
  8153 | D:6      | Killed Natasha
  8296 | D:7      | Reached skill level 11 in Hexes
  8453 | D:7      | Reached XP level 9. HP: 42/57 MP: 14/14
  8456 | D:7      | You fall through a shaft for 3 floors!
  8456 | D:10     | Entered Level 10 of the Dungeon
  9121 | D:10     | Reached skill level 5 in Armour
  9258 | D:10     | Reached skill level 12 in Hexes
  9410 | D:10     | Noticed a centaur skeleton
  9468 | D:10     | Slain by a centaur skeleton

Action                   |  1- 3 |  4- 6 |  7- 9 || total
-------------------------+-------+-------+-------++-------
Melee: Dagger            |    97 |   180 |   370 ||   647
 Cast: Corona            |     3 |       |     2 ||     5
       Ensorcelled Hiber |     5 |    53 |    69 ||   127
       Confuse           |     4 |     4 |    21 ||    29
  Use: Potion            |     4 |     5 |     2 ||    11
       Scroll            |       |     4 |     4 ||     8
 Stab: Sleeping          |     7 |    47 |    71 ||   125
       Confused          |     2 |     2 |    16 ||    20
       Distracted        |       |     1 |     1 ||     2
